 Dungeon Crawl Stone Soup version 0.21-a0-531-gacddea6 (webtiles) character file.

72 teukkam the Cudgeler (level 4, -6/38 HPs)
             Began as a Gnoll Wanderer on Dec 13, 2017.
             Mangled by an iguana (8 damage)
             ... on level 4 of the Dungeon.
             The game lasted 00:03:32 (606 turns).

teukkam the Cudgeler (Gnoll Wanderer)                Turns: 606, Time: 00:03:33

Health: -6/38      AC:  8    Str: 15 (16) XL:     4   Next: 26%
Magic:  5/5        EV:  6    Int: 12 (13) God:
Gold:   46         SH:  0    Dex: 12 (15) Spells: 5/5 levels left

rFire    . . .     SeeInvis .   a - +2 hand axe
rCold    . . .     Gourm    .   (no shield)
rNeg     . . .     Faith    .   g - +0 chain mail
rPois    .         Spirit   .   (no helmet)
rElec    .         Reflect  .   (no cloak)
rCorr    .         Harm     .   (no gloves)
MR       .....                  (no boots)
Stlth    ..........             (no amulet)
HPRegen  0.12/turn              (no ring)
MPRegen  0.09/turn              (no ring)

@: no status effects
A: distributed training, fangs 1, strong nose
a: no special abilities


You were on level 4 of the Dungeon.
You were not hungry.

You visited 1 branch of the dungeon, and saw 4 of its levels.

You collected 46 gold pieces.

Inventory:

Hand Weapons
 a - a +2 hand axe (weapon)
 b - a cursed -3 dagger
 c - a +0 mace
Missiles
 i - 33 poisoned needles
 j - 87 stones (quivered)
Armour
 g - a +0 chain mail (worn)
Wands
 h - a wand of enslavement (7)
Scrolls
 e - a scroll of amnesia
 k - a scroll of enchant weapon {unknown}
Potions
 m - a potion of flight {unknown}
Comestibles
 d - a bread ration


   Skills:
 + Level 4.6 Fighting
 + Level 1.0 Short Blades
 + Level 1.0 Long Blades
 + Level 6.6 Axes
 + Level 6.6 Maces & Flails
 + Level 1.0 Polearms
 + Level 1.0 Staves
 + Level 1.0 Slings
 + Level 1.0 Bows
 + Level 1.0 Crossbows
 + Level 1.0 Throwing
 + Level 1.0 Armour
 + Level 1.0 Dodging
 + Level 2.5 Stealth
 + Level 2.7 Shields
 + Level 1.0 Unarmed Combat
 + Level 1.0 Spellcasting
 + Level 0.8 Conjurations
 + Level 0.8 Hexes
 + Level 0.8 Charms
 + Level 0.8 Summonings
 + Level 0.8 Necromancy
 + Level 0.8 Translocations
 + Level 0.8 Transmutations
 + Level 0.8 Fire Magic
 + Level 0.8 Ice Magic
 + Level 0.8 Air Magic
 + Level 0.8 Earth Magic
 + Level 0.8 Poison Magic
 + Level 1.1 Invocations
 + Level 1.0 Evocations


You had 5 spell levels left.
You didn't know any spells.

Dungeon Overview and Level Annotations

Branches:
Dungeon (4/15)
 Temple: D:4-7

Altars:

Annotations:
D:3 Squigly's ghost, amateur MiFi


Innate Abilities, Weirdness & Mutations

Your experience applies equally to all skills.
You have very sharp teeth.
Your uncanny sense of smell can sniff out nearby items.


Message History

* * * LOW HITPOINT WARNING * * *
Your chain mail prevents you from hitting the iguana.
The iguana is almost dead.
The iguana bites you.
* * * LOW HITPOINT WARNING * * *
You barely miss the iguana.
The iguana is almost dead.
The iguana bites you but does no damage.
You hit the iguana but do no damage. You bite the iguana, but do no damage.
The iguana is almost dead.
The iguana bites you but does no damage.
It was a potion of degeneration.
There was something very wrong with that liquid.
You feel weakened.
You feel dopey.
You feel clumsy. The iguana bites you.
* * * LOW HITPOINT WARNING * * *
You hit the iguana.
The iguana is almost dead.
The iguana bites you!
You die...

.....................#
.....................#
#....................#
#...................# .
#####..###..........#.
#..# ##........... ####..#
##........##
#.....###.l........#
#......##.@.....)..####
#.....................#
#.....................#
#......................#
#......#..................
####.#..#.............####
#.........##.........
###.......###.........
#.......# #..........


You could see an iguana.

Vanquished Creatures
  A crimson imp (D:4)
  An ooze (D:4)
  2 worms
  2 dart slugs
  A leopard gecko (D:3)
  An orc (D:4)
  A giant cockroach (D:1)
  4 hobgoblins
  5 bats
  A frilled lizard (D:1)
  A goblin (D:3)
  3 kobolds
  2 rats
25 creatures vanquished.

Notes
Turn   | Place    | Note
-------+----------+-------------------------------------------
     0 | D:1      | teukkam the Gnoll Wanderer began the quest for the Orb.
     0 | D:1      | teukkam set off with: a +2 hand axe, a +0 ring mail, a +0 mace, a bread ration
     0 | D:1      | Reached XP level 1. HP: 20/20 MP: 1/1
    61 | D:2      | Reached XP level 2. HP: 25/26 MP: 2/2
   228 | D:3      | Reached XP level 3. HP: 18/31 MP: 3/3
   348 | D:4      | Reached skill level 1 in Short Blades
   348 | D:4      | Reached skill level 1 in Long Blades
   348 | D:4      | Reached skill level 1 in Polearms
   348 | D:4      | Reached skill level 1 in Staves
   348 | D:4      | Reached skill level 1 in Slings
   348 | D:4      | Reached skill level 1 in Bows
   348 | D:4      | Reached skill level 1 in Crossbows
   348 | D:4      | Reached skill level 1 in Throwing
   348 | D:4      | Reached skill level 1 in Armour
   348 | D:4      | Reached skill level 1 in Dodging
   348 | D:4      | Reached skill level 1 in Unarmed Combat
   348 | D:4      | Reached skill level 1 in Spellcasting
   348 | D:4      | Reached skill level 1 in Invocations
   348 | D:4      | Reached skill level 1 in Evocations
   348 | D:4      | Reached XP level 4. HP: 25/38 MP: 3/5
   580 | D:3      | Noticed Squigly's ghost (amateur MiFi)
   606 | D:4      | Mangled by an iguana

Vault maps used:
D:1:      minmay_arrival_hallway
D:2:      uniq_terence, uniq_natasha
D:4:      first_bread, uniq_edmund

Skill      XL: |  1  2  3 |
---------------+----------+-----
Short Blades   | 1 |  1.0
Long Blades    | 1 |  1.0
Polearms       | 1 |  1.0
Staves         | 1 |  1.0
Slings         | 1 |  1.0
Bows           | 1 |  1.0
Crossbows      | 1 |  1.0
Throwing       | 1 |  1.0
Armour         | 1 |  1.0
Dodging        | 1 |  1.0
Unarmed Combat | 1 |  1.0
Spellcasting   | 1 |  1.0
Invocations    | 1 |  1.1
Evocations     | 1 |  1.0
Fighting       | |  4.6
Axes           | |  6.6
Maces & Flails | |  6.6
Stealth        | |  2.5
Shields        | |  2.7
Conjurations   | |  0.8
Hexes          | |  0.8
Charms         | |  0.8
Summonings     | |  0.8
Necromancy     | |  0.8
Translocations | |  0.8
Transmutations | |  0.8
Fire Magic     | |  0.8
Ice Magic      | |  0.8
Air Magic      | |  0.8
Earth Magic    | |  0.8
Poison Magic   | |  0.8

Action                   |  1- 3 |  4- 6 || total
-------------------------+-------+-------++-------
Melee: Hand axe          |    50 |    20 ||    70
       Bite              |     5 |     4 ||     9
  Use: Scroll            |       |     2 ||     2
       Potion            |       |     1 ||     1
Armor: Ring mail         |    18 |       ||    18
       Chain mail        |     8 |     7 ||    15
Dodge: Dodged            |    32 |     6 ||    38

Table legend:
 A = Spawn XP
 B = Non-spawn XP
 C = Spawn XP percentage of total XP
 D = Spawn monster count
 E = Non-spawn monster count
 F = Spawn count percentage of total count
 G = Total turns spent on level
                    A         B        C        D         E        F      G
               +---------+---------+-------+---------+---------+-------+---------
         Total |       0 |     104 |   0.0 |       0 |      25 |   0.0 |   606
               +---------+---------+-------+---------+---------+-------+---------
           D:1 |       0 |      14 |   0.0 |       0 |       9 |   0.0 |   102
           D:2 |       0 |       2 |   0.0 |       0 |       2 |   0.0 |    44
           D:3 |       0 |      21 |   0.0 |       0 |       9 |   0.0 |   325
           D:4 |       0 |      67 |   0.0 |       0 |       5 |   0.0 |   135
               +---------+---------+-------+---------+---------+-------+---------
